 Dungeon Crawl Stone Soup version 0.21.1-1-g345015f (webtiles) character file.

65 inc the Scratcher (level 3, 0/15 HPs)
             Began as a Felid Transmuter on Feb 21, 2018.
             Slain by a worm (3 damage)
             ... on level 2 of the Dungeon.
             The game lasted 00:03:24 (2930 turns).

inc the Scratcher (Felid Transmuter)                Turns: 2930, Time: 00:03:25

Health: 0/15       AC:  1    Str:  6    XL:     3   Next: 94%
Magic:  6/7        EV: 18    Int: 15    God:
Gold:   67         SH:  0    Dex: 16    Spells: 5/6 levels left
                                        Lives:  0   Deaths: 0

rFire    . . .     SeeInvis +     - Unarmed
rCold    . . .     Gourm    .   (shield unavailable)
rNeg     . . .     Faith    .   (armour unavailable)
rPois    .         Spirit   .   (helmet unavailable)
rElec    .         Reflect  .   (cloak unavailable)
rCorr    .         Harm     .   (gloves unavailable)
MR       .....                  (boots unavailable)
Stlth    ++........             (no amulet)
HPRegen  0.05/turn              (no ring)
MPRegen  0.10/turn              (no ring)

@: appendage, quick
A: very small, no armour, no weapons or thrown items, stealth, claws 1, fangs 3,
horns 2, see invisible, carnivore, speed 1, shaggy fur 1, slow metabolism 1,
sharp paws
a: End Transformation


You were on level 2 of the Dungeon.
You were full.
You had grown temporary horns.
You visited 1 branch of the dungeon, and saw 2 of its levels.

You collected 67 gold pieces.

Inventory:

Missiles
 a - 33 arrows
Jewellery
 i - a +2 ring of evasion {unknown}
Scrolls
 f - 2 scrolls of remove curse {unknown}
 h - 2 scrolls of fog {unknown}
 k - a scroll of blinking {unknown}
 m - 2 scrolls of identify {unknown}
Potions
 d - a potion of curing {unknown}
 e - a potion of degeneration {unknown}
 g - a potion of agility {unknown}
 j - a potion of resistance {unknown}
 l - a potion of haste {unknown}
 n - a potion of might
Books
 b - a book of Changes

   Spells                             Type                      Level
   a - Beastly Appendage              Transmutation                1
   b - Sticks to Snakes               Transmutation                2
   c - Spider Form                    Transmutation/Poison         3
   d - Ice Form                       Ice/Transmutation            4
   e - Blade Hands                    Transmutation                5
Comestibles
 c - 4 rations


   Skills:
 - Level 1.0 Fighting
 - Level 2.6 Dodging
 - Level 4.7 Unarmed Combat
 - Level 2.0 Spellcasting
 + Level 2.6 Transmutations


You had 5 spell levels left.
You knew the following spells:

 Your Spells              Type           Power        Failure   Level  Hunger
a - Beastly Appendage     Tmut           #.....       8%          1    #......


Dungeon Overview and Level Annotations

Branches:
Dungeon (2/15)

Altars:


Innate Abilities, Weirdness & Mutations

You cannot wear armour.
You are incapable of wielding weapons or throwing items.
Your paws allow you to move quietly. (Stealth)
You have sharp claws.
You have razor-sharp teeth.
You have supernaturally acute eyesight. (SInv)
You are carnivorous and can eat meat at any time.
You cover ground quickly.
You are covered in fur. (AC +1)
You have a slow metabolism.
Your sharp claws are effective at attacking unaware monsters.
You have a pair of horns on your head.


Message History

The worm is moderately wounded.
You scratch the worm.
The worm is moderately wounded.
The rat twitches its whiskers.
The worm bites you!
Ouch! That really hurt!
* * * LOW HITPOINT WARNING * * *
You scratch the worm. Your headbutt misses the worm.
The worm is heavily wounded.
You barely miss the worm.
The worm is heavily wounded.
The worm misses you.
You scratch the worm. You headbutt the worm.
The worm is severely wounded.
You scratch the worm. You claw the worm, but do no damage.
The worm is almost dead.
The rat bites you.
* * * LOW HITPOINT WARNING * * *
The worm bites you.
You die...

#...# #.# #... #...# #.# #...
#.. .....# #.# #... #.#
####### #.# #... #### #.###
#### #.# #... #...# #...#
#...###.#####...
.....##...##.....##.....#..#
......#...#.......#####.#...
.!....'...r@w..)..# #.#.>.
...#...#.......# #.#...
#...##.....## #.##.. #...#
#...## #..... ##### #...#
##### #####.
##...###...###...###########.
##.....##...##.....##.........
#.......#...#.......#.########
#.......'...'.......#.#


You could see a worm and a rat.

Vanquished Creatures
  An ooze (D:1)
  3 dart slugs (D:1)
  5 leopard geckos
  2 giant cockroaches
  7 hobgoblins
  4 jackals (D:1)
  A ball python (D:1)
  3 bats
  2 frilled lizards (D:2)
  9 goblins
  6 kobolds
  2 rats (D:1)
45 creatures vanquished.

Notes
Turn   | Place    | Note
-------+----------+-------------------------------------------
     0 | D:1      | inc the Felid Transmuter began the quest for the Orb.
     0 | D:1      | Reached XP level 1. HP: 9/9 MP: 4/4
   392 | D:1      | Reached XP level 2. HP: 12/12 MP: 4/6
   702 | D:1      | Reached skill level 4 in Unarmed Combat
  1026 | D:1      | Reached XP level 3. HP: 13/15 MP: 5/7
  2930 | D:2      | Slain by a worm

Skill      XL: |  1  2 |
---------------+-------+-----
Unarmed Combat | 4 |  4.7
Fighting       | |  1.0
Dodging        | |  2.6
Spellcasting   | |  2.0
Transmutations | |  2.6

Action                   || total
-------------------------++-------
Melee: Unarmed           ||   159
       Headbutt          ||    10
       Bite              ||    13
       Punch             ||     1
 Cast: Beastly Appendage ||    24
 Stab: Sleeping          ||     2
  Eat: Chunk             ||     8
Armor: Skin              ||     4
Dodge: Dodged            ||   120
